 Dungeon Crawl Stone Soup version 0.28.0 (webtiles) character file.

Game seed: 664962053281964942

9803 Lathuz the Basher (level 11, 0/76 HPs)
             Began as a Gargoyle Fighter on Feb 5, 2022.
             Was a High Priest of Okawaru.
             Slain by Sonja (4 damage)
             ... on level 10 of the Dungeon on Feb 8, 2022.
             The game lasted 00:37:58 (14034 turns).

Lathuz the Basher (Gargoyle Fighter)               Turns: 14034, Time: 00:37:59

Health: 0/76       AC: 24    Str: 23    XL:     11   Next: 52%
Magic:  11/11      EV:  8    Int: 10    God:    Okawaru [*****.]
Gold:   350        SH:  5    Dex:  9    Spells: 10/10 levels left

rFire   . . .      SeeInvis .   o - +6 whip (drain)
rCold   . . .      Faith    .   c - +0 buckler
rNeg    + . .      Spirit   .   l - +0 chain mail
rPois   ∞          Reflect  .   h - +0 helmet
rElec   +          Harm     .   a - +0 cloak
rCorr   .          Rampage  .   f - +0 pair of gloves
Will    .....                   y - +1 pair of boots
Stlth   ..........              (no amulet)
HPRegen 0.22/turn               (no ring)
MPRegen 0.12/turn               (no ring)

@: no status effects
A: sickness immunity, AC +8, negative energy resistance 1, electricity
resistance, torment resistance 1, petrification resistance
a: Renounce Religion, Heroism, Finesse, Duel


You were on level 10 of the Dungeon.
You worshipped Okawaru.
Okawaru was extremely pleased with you.
You visited 2 branches of the dungeon, and saw 11 of its levels.

You collected 443 gold pieces.
You spent 93 gold pieces at shops.

Inventory:

Hand Weapons
 b - a +0 hunting sling of flaming
 d - a +2 whip of flaming
 o - a +6 whip of draining (weapon)
Missiles
 n - 8 poisoned darts
 p - 3 javelins (quivered)
 s - 220 stones
 u - 7 throwing nets
 A - 3 curare-tipped darts
Armour
 a - a +0 cloak (worn)
 c - a +0 buckler (worn)
 f - a +0 pair of gloves (worn)
 h - a +0 helmet (worn)
 l - a +0 chain mail (worn)
 y - a +1 pair of boots (worn)
Jewellery
 E - a +6 ring of intelligence
Wands
 e - a wand of charming (7)
 i - a wand of iceblast (9)
 j - a wand of polymorph (9)
 q - a wand of flame (19)
Scrolls
 g - 2 scrolls of torment
 k - a scroll of enchant armour
 K - a scroll of immolation
 O - a scroll of silence
 Y - 2 scrolls of teleportation {@r3}
 Z - a scroll of identify {@r1}
Potions
 m - a potion of lignification {unknown}
 t - a potion of haste {unknown}
 w - a potion of mutation {unknown}
 B - 2 potions of brilliance
 C - a potion of magic {unknown}
 D - a potion of resistance {unknown}
 G - 10 potions of ambrosia
 J - 7 potions of curing {@q1}
 L - 4 potions of flight
 M - 2 potions of might


   Skills:
 + Level 11.6 Fighting
 - Level 12.1 Maces & Flails
 + Level 7.3 Armour
 + Level 7.3 Shields


You had 10 spell levels left.
You didn't know any spells.
Your spell library contained the following spells:

 Spells                   Type           Power      Damage    Failure   Level
 Pain                     Necr           0%         1d4       97%         1
 Sting                    Tmut/Pois      0%         1d3       97%         1
 Poisonous Vapours        Pois/Air       0%         N/A       99%         2
 Gell's Gravitas          Tloc           0%         N/A       100%        3
 Lesser Beckoning         Tloc           0%         N/A       100%        3
 Stone Arrow              Conj/Erth      0%         3d7       100%        3
 Teleport Other           Tloc           0%         N/A       100%        3
 Vampiric Draining        Necr           0%         2d6       100%        3
 Olgreb's Toxic Radiance  Pois           0%         N/A       100%        4
 Lehudib's Crystal Spear  Conj/Erth      0%         10d2      100%        8
 Animate Skeleton         Necr           Unusable   N/A       N/A         1
 Animate Armour           Summ/Erth      Unusable   N/A       N/A         4

Dungeon Overview and Level Annotations

Branches:
Dungeon (10/15)            Temple (1/1) D:5            Lair (0/6) D:9
    Orc: D:9-12

Altars:
Ashenzari
Cheibriados
Dithmenos
Elyvilon
Fedhas
Gozag
Hepliaklqana
Kikubaaqudgha
Makhleb
Nemelex Xobeh
Okawaru
Qazlal
Ru
Sif Muna
Trog
Uskayaw
Vehumet
Wu Jian
Xom
Yredelemnul
Zin
The Shining One

Shops:
D:1 (   D:5 *   D:9 [

Annotations:
D:3 1 runed translucent door, Crazy Yiuf
D:8 2 transporters, Neremis's ghost, novice GrFi
D:10 Sonja


Innate Abilities, Weirdness & Mutations

You are immune to sickness and miasma.
Your stone body is resilient. (AC +8)
You are immune to poison.
You resist negative energy. (rN+)
You are resistant to electric shocks. (rElec)
You are resistant to unholy torment.
You are immune to petrification.


Message History

Sonja casts a spell.
Sonja blinks!
Sonja gestures wildly while chanting.
Sonja blinks!
Throw: 3 javelins
Press: ? - help, Q - select action, (/) - cycle Shift-Dir - straight line, f/p - Sonja
Aim: Sonja, wielding a +1 dagger of distortion and quivering curare-tipped darts (9% to hit)
Okay, then.
Sonja throws a curare-tipped dart.
Sonja throws a curare-tipped dart.
The curare-tipped dart hits you.
You see here a javelin.
Sonja throws a curare-tipped dart.
The curare-tipped dart hits you.
Sonja throws a curare-tipped dart.
The curare-tipped dart hits you.
Sonja gestures wildly while chanting.
Sonja blinks!
Sonja plants her feet in a plie.
Sonja throws a curare-tipped dart.
Sonja throws a curare-tipped dart.
The curare-tipped dart hits you.
Sonja throws a curare-tipped dart.
Sonja mumbles some strange words.
Sonja blinks!
You blink.
Sonja hits you with a +1 dagger of distortion.
Space warps horribly around you!
You closely miss Sonja.
Sonja hits you with a +1 dagger of distortion.
Space warps horribly around you!
* * * LOW HITPOINT WARNING * * *
Sonja hits you with a +1 dagger of distortion.
* * * LOW HITPOINT WARNING * * *
You blink.
Sonja throws a curare-tipped dart.
The curare-tipped dart hits you. Space warps around you.
* * * LOW HITPOINT WARNING * * *
Space warps horribly around you!
* * * LOW HITPOINT WARNING * * *
There is a stone staircase leading up here.
Space warps horribly around you!
* * * LOW HITPOINT WARNING * * *
Space warps around you.
You die...

######)#.# #.
#.#.#######.###
#.#...........
#.#.#######.##########
#.#..................#
#.#..................#
#.#..................#####
#.#>.................'...#
#.##.......@K).......###.##
#.##.......#.........# #..#
#.##.......#.........# ##K##
#.##.......##############..#
#####'########## #........
#.......# ####### #.#####..
#.......# #.....# #.#####..
#.......# ##.....# #........
#.......#
#......############.


You could see Sonja.

Vanquished Creatures
  Erolcha (D:9)
  A komodo dragon (D:8)
  A troll (D:10)
  A queen bee (D:9)
  A wraith (D:10)
  A shadow (D:10)
  A wyvern (D:7)
  10 yaks (D:8)
  2 steam dragons
  Menkaure (D:7)
  6 water moccasins (D:9)
  2 orc warriors (D:10)
  An ice beast (D:6)
  2 necrophages (D:8)
  A black bear (D:9)
  A sky beast (D:6)
  8 ogres
  4 centaurs
  A phantom (D:4)
  A kobold brigand (D:9)
  Blork the orc (D:4)
  A gnoll sergeant (D:9)
  6 bullfrogs
  An elf skeleton (D:8)
  2 scorpions
  24 killer bees (D:9)
  3 howler monkeys
  11 wights
  A bullfrog zombie (D:7)
  3 centaur zombies
  A hound (D:4)
  A jelly (D:4)
  3 centaur skeletons
  2 gnoll shamans
  5 orc priests
  A bullfrog skeleton (D:6)
  2 human skeletons (D:8)
  2 iguanas
  A killer bee zombie (D:8)
  2 hound skeletons
  2 mummies (D:8)
  2 howler monkey zombies
  28 gnolls
  5 adders
  A river rat (D:3)
  2 shadow imps (D:5)
  4 white imps
  5 worms
  4 dart slugs
  43 orcs
  8 endoplasms
  2 giant cockroaches (D:1)
  10 goblins
  9 hobgoblins
  17 jackals
  A quokka (D:1)
  7 ball pythons
  4 bats
  4 frilled lizards
  9 kobolds
  3 orc skeletons (D:8)
  8 rats
298 creatures vanquished.

Vanquished Creatures (others)
  A wizard (D:4)
  40 fungi (D:9)
  32 plants (D:9)
  2 withered plants (D:8)
75 creatures vanquished.

Grand Total: 373 creatures vanquished

Notes
Turn   | Place    | Note
-------+----------+-------------------------------------------
     0 | D:1      | Lathuz the Gargoyle Fighter began the quest for the Orb.
     0 | D:1      | Reached XP level 1. HP: 14/14 MP: 1/1
   172 | D:1      | Reached XP level 2. HP: 15/19 MP: 2/2
   435 | D:1      | Found Timiy's Antique Weapon Emporium.
   754 | D:1      | Found a faded altar of an unknown god.
   758 | D:1      | You fall into a shaft and drop 1 floor!
   767 | D:2      | Reached skill level 3 in Maces & Flails
   776 | D:2      | Reached XP level 3. HP: 4/24 MP: 3/3
   776 | D:2      | HP: 1/24 [ball python (2)]
  1935 | D:1      | Prayed at the altar of an unknown god.
  1935 | D:1      | Became a worshipper of Vehumet
  1935 | D:1      | Reached * piety under Vehumet
  1935 | D:1      | Offered knowledge of Magic Dart by Vehumet.
  2081 | D:2      | Reached XP level 4. HP: 29/29 MP: 4/4
  2134 | D:2      | Reached skill level 4 in Maces & Flails
  2814 | D:3      | Reached XP level 5. HP: 34/34 MP: 5/5
  2851 | D:3      | Found a runed translucent door.
  2852 | D:3      | Noticed Crazy Yiuf
  2865 | D:3      | Noticed an ogre
  2884 | D:4      | Killed an ogre
  3085 | D:3      | Reached skill level 5 in Maces & Flails
  3154 | D:3      | Offered knowledge of Shock by Vehumet.
  3155 | D:3      | Fell from the grace of Vehumet
  3577 | D:3      | Reached XP level 6. HP: 29/40 MP: 6/6
  4043 | D:1      | Bought a glowing whip for 93 gold pieces
  4241 | D:4      | Reached skill level 5 in Fighting
  4472 | D:4      | Reached skill level 6 in Maces & Flails
  4543 | D:4      | Reached XP level 7. HP: 44/44 MP: 7/7
  4587 | D:5      | Entered Level 5 of the Dungeon
  4768 | D:4      | Noticed Blork the orc
  4779 | D:4      | Killed Blork the orc
  4825 | D:4      | Reached skill level 7 in Maces & Flails
  4996 | D:4      | Reached XP level 8. HP: 51/52 MP: 8/8
  5534 | D:4      | Found a bloodstained altar of Trog.
  5538 | D:4      | Noticed a wizard
  5542 | D:4      | Killed a wizard
  5894 | D:5      | Found a staircase to the Ecumenical Temple.
  5905 | Temple   | Entered the Ecumenical Temple
  6045 | Temple   | Became a worshipper of Warmaster Okawaru
  6257 | D:5      | Found Giorghia's Gadget Gallery.
  6426 | D:5      | Reached skill level 8 in Maces & Flails
  7423 | D:6      | Reached * piety under Okawaru
  7424 | D:6      | Reached skill level 9 in Maces & Flails
  7765 | D:6      | Reached XP level 9. HP: 59/59 MP: 9/9
  8337 | D:7      | Reached skill level 10 in Maces & Flails
  8563 | D:7      | Noticed Menkaure
  8574 | D:7      | Killed Menkaure
  8574 | D:7      | Reached ** piety under Okawaru
  9253 | D:8      | Found a transporter.
  9259 | D:8      | Noticed a moth of wrath
  9260 | D:8      | Found a bloodstained altar of Trog.
  9260 | D:8      | Noticed Neremis's ghost (novice GrFi)
  9379 | D:8      | Reached skill level 11 in Maces & Flails
  9727 | D:8      | Reached XP level 10. HP: 66/66 MP: 10/10
  9738 | D:8      | Reached *** piety under Okawaru
  9750 | D:8      | Was forgiven by Vehumet
  9873 | D:8      | Reached skill level 12 in Maces & Flails
 10187 | D:8      | Reached skill level 10 in Fighting
 10216 | D:8      | Upgraded the game from 0.28-b1-25-g9875b3fc8c to 0.28.0
 10445 | D:8      | Found a transporter.
 10856 | D:9      | Found a staircase to the Lair.
 10859 | D:9      | Reached **** piety under Okawaru
 10877 | D:9      | Reached skill level 5 in Armour
 10877 | D:9      | Reached skill level 5 in Shields
 11266 | D:9      | Reached XP level 11. HP: 71/73 MP: 11/11
 11425 | D:9      | Found Zisiqoul's Armour Shop.
 12253 | D:9      | Reached ***** piety under Okawaru
 12557 | D:9      | Noticed Erolcha
 12572 | D:9      | Killed Erolcha
 12572 | D:9      | Received a gift from Okawaru
 13291 | D:10     | Entered Level 10 of the Dungeon
 13667 | D:10     | Found a burning altar of Makhleb.
 13799 | D:10     | Received a gift from Okawaru
 13992 | D:10     | Noticed Sonja
 14034 | D:10     | Slain by Sonja

Illustrated notes

Levels and vault maps discovered:
D:1:      amcnicky_arrival_blooded_trapdoor, layout_loops_ring,
          dreamdust_ecumenical_altar_statues, serial_shops, nicolae_shop_trees
D:2:      kennysheep_the_goblin_king, layout_loops_cross
D:3:      layout_loops_ring, portal_sewer_entry_b, uniq_crazy_yiuf_cottage
D:4:      lemuel_castle_with_subvaults [lemuel_castle_interior_carwin_3],
          layout_basic, trog_wizard, uniq_blork_the_orc
D:5:      layout_loops_ring, minmay_temple_entry_waves, nicolae_shop_gadgets
D:6:      layout_cave_pods
D:7:      layout_basic, uniq_menkaure
D:8:      layout_loops_ring, nicolae_ossuary_entry_catacombs, serial_undead,
          serial_undead_e, serial_undead_e, serial_undead_f, serial_undead_d,
          serial_undead_c, serial_undead_e, serial_undead_b,
          gammafunk_ghost_wrathful_warriors
D:9:      layout_loops_cross, due_lair_maze_entry_diamond, serial_shops,
          nicolae_shop_window_shopping, special_room [special_room_bee],
          uniq_erolcha
D:10:     layout_basic, mainiacjoe_overflow_paths, uniq_sonja
Temple:   regret_index_temple_chain_breaker

Skill      XL: |  1  2  3  4  5  6  7  8  9 10 11 |
---------------+----------------------------------+-----
Maces & Flails | 3 4 5 6 7 9 11 12 | 12.1
Fighting       | 4 5 6 7 9 10 11 | 11.6
Armour         | 5 7 |  7.3
Shields        | 5 7 |  7.3

Action                   |  1- 3 |  4- 6 |  7- 9 | 10-12 || total
-------------------------+-------+-------+-------+-------++-------
Melee: Flail             |   126 |   114 |       |       ||   240
       Whip              |       |    56 |   354 |   470 ||   880
Throw: Stone             |    76 |    15 |    46 |     5 ||   142
       Javelin           |       |       |    16 |    55 ||    71
       Dart              |       |       |       |    13 ||    13
Invok: Renounce Religion |       |     1 |       |       ||     1
       Heroism           |       |       |       |     2 ||     2
  Use: Scroll            |       |       |     5 |    11 ||    16
Armor: Scale mail        |    60 |    97 |   116 |   227 ||   500
       Chain mail        |       |       |       |    39 ||    39
Dodge: Dodged            |    41 |    70 |   104 |   200 ||   415
Block: Buckler           |    23 |    27 |    47 |   113 ||   210
